Cogmind - Beta 14 @@@ ROGUE MODE // 2024.09.21 @ 15:57:18 Player: Bunch Result: Destroyed by D-53 Grenadier with Mini Grenade Launcher Performance ------------- Evolutions (0) 0 Regions Visited (4) 800 Robots Destroyed (23) 115 Value Destroyed (407) 407 Prototype IDs (24) 480 Alien Tech Used (0) 0 Bonus (321) 321 TOTAL SCORE: 2123 Bonus ------- Follower Combat Kills 21 Aligned with FarCom 300 Cogmind --------- Core Integrity 0/250 Matter 288/300 Energy 100/100 System Corruption 0% Temperature Cool (0) Movement Walking (190) Ox1 Location -9/Mines Parts ------- > --- POWER (1) -------- Backup Power III > --- PROPULSION (2) --- Aluminum Leg Aluminum Leg > --- UTILITY (2) ------ Large Storage Unit Experimental Sensor Array > --- WEAPON (2) ------- Light Assault Rifle Light Assault Rifle > --- INVENTORY (15) --- Ion Engine Backup Power III Aluminum Leg Aluminum Leg Aluminum Leg Signal Interpreter Light Assault Rifle Light Assault Rifle Rocket Launcher Field Lobotomy Kit (5) Proton Bomb Trap Proton Bomb Trap Proton Bomb Trap Peak State ------------ > --- POWER ------------ Light Ion Engine > --- PROPULSION ------- Light Treads Light Treads > --- UTILITY ---------- Large Storage Unit Hacking Suite > --- WEAPON ----------- Light Assault Rifle Field Lobotomy Kit > --- INVENTORY -------- Ion Engine Backup Power III Backup Power III Aluminum Leg Aluminum Leg Aluminum Leg Aluminum Leg Aluminum Leg Signal Interpreter Light Assault Rifle Light Assault Rifle Light Assault Rifle Proton Bomb Trap Proton Bomb Trap Proton Bomb Trap [Rating: 19] Favorites ----------- Power Light Ion Engine Engine Light Ion Engine Propulsion Light Treads Treads Light Treads Leg Aluminum Leg Utility Hacking Suite Device Experimental Sensor Array Storage Large Storage Unit Hackware Hacking Suite Weapon Light Assault Rifle Energy Gun EM Pulse Gun Ballistic Gun Light Assault Rifle Special Weapon Field Lobotomy Kit Special Melee Weapon Datajack Build | -11 -10 -10 -10 -9 ------- Run | Yrd Mat Min Exi Min Slots Evolved . | . . . . . Power . | . . . . . Propulsion . | . . . . . Utility . | . . . . . Weapon . | . . . . . Parts Attached 20 | 6 5 3 2 4 Power 3 | 1 1 . . 1 Engine 3 | 1 1 . . 1 Core . | . . . . . Reactor . | . . . . . Propulsion 6 | 2 2 . . 2 Treads 2 | . 2 . . . Leg 4 | 2 . . . 2 Wheel . | . . . . . Hover . | . . . . . Flight . | . . . . . Utility 4 | 1 2 . . 1 Device 1 | . . . . 1 Storage 2 | 1 1 . . . Processor . | . . . . . Hackware 1 | . 1 . . . Protection . | . . . . . Artifact . | . . . . . Weapon 7 | 2 . 3 2 . Energy Gun 1 | 1 . . . . Energy Cannon . | . . . . . Ballistic Gun 4 | 1 . 2 1 . Ballistic Cannon . | . . . . . Launcher . | . . . . . Special Weapon 1 | . . . 1 . Impact Weapon . | . . . . . Slashing Weapon . | . . . . . Piercing Weapon . | . . . . . Special Melee Weapon 1 | . . 1 . . Unidentified Prototypes 2 | . . . 1 1 Parts Lost 3 | . . 2 . 1 Power 1 | . . . . 1 Propulsion . | . . . . . Utility . | . . . . . Weapon 2 | . . 2 . . Highest Loss Streak 2 | . . 2 . 1 To Critical Strikes . | . . . . . Average Slot Usage (%) 95 | . 90 99 100 93 Engine 12 | . 14 14 14 8 Treads 18 | . 3 28 28 16 Leg 9 | . 24 . . 11 Storage 14 | . 14 14 14 14 Hackware 10 | . 5 14 14 12 Energy Gun 4 | . 14 . . . Ballistic Gun 21 | . 14 19 27 28 Special Melee Weapon 1 | . . 8 . . Peak Build Rating 19 | 6 10 10 19 19 Average Rating 9 | 4 7 9 10 12 On Entrance 7 | . 6 10 10 11 Naked Turns . | . . . . . Heaviest Build 27 | 12 27 25 25 25 Greatest Support 40 | 20 40 40 40 40 Greatest Overweight (x) 1 | . . . . 1 Average Overweight (x) . | . . . . . Largest Inventory Capacity 15 | 8 15 15 15 15 Average Capacity 12 | 7 8 15 15 15 Most Carried 15 | 6 14 15 15 15 Average Carried 11 | 3 7 13 14 14 Final Capacity 15 | 8 15 15 15 15 Final Carried 15 | 4 12 14 15 13 Class Distribution -------------------- 92% | Mutant 5% | Scavenger-Mutant Dominant Class ---------------- Mutant | -10/Materials Mutant | -10/Mines Mutant | -10/Exiles Mutant | -9/Mines Resources | -11 -10 -10 -10 -9 ----------- Run | Yrd Mat Min Exi Min Matter Collected 537 | 188 224 40 . 85 Remotely . | . . . . . Salvage Created 640 | . 376 43 . 221 Parts 47 | . 30 6 . 11 Haulers Intercepted . | . . . . . Recyclers Shooed 3 | . . 2 . 1 Parts Field Recycled . | . . . . . Retrieved Matter . | . . . . . Parts Self-Destructed . | . . . . . Prevented . | . . . . . Kills | -11 -10 -10 -10 -9 ------- Run | Yrd Mat Min Exi Min Combat Hostiles Destroyed 20 | . 9 3 . 8 Guns 18 | . 7 3 . 8 AOE 2 | . 2 . . . Classes Destroyed 7 | . 5 . . 2 Worker 2 | . 2 . . . Recycler 1 | . . . . 1 Operator 1 | . 1 . . . Watcher 1 | . 1 . . . Swarmer 12 | . 3 3 . 6 Grunt 6 | . 6 . . . Assembled 2 | . . . . 2 Best Kill Streak 4 | . 3 2 . 4 Combat Bots Only 4 | . 3 2 . 4 Max Kills in Single Turn 2 | . 2 1 . 2 Gunslinging 1 | . . . . 1 Exploded 2 | . 2 . . . Melee . | . . . . . Uniques/NPCs Destroyed . | . . . . . Combat | -11 -10 -10 -10 -9 -------- Run | Yrd Mat Min Exi Min Hostile Shots Fired 106 | . 41 33 . 32 Missed 28 | . 9 7 . 12 Damage Taken 835 | . 421 206 . 208 Core 256 | . 136 40 . 80 Absorbed by Shields . | . . . . . Core Remaining (%) 100 | 100 . . . . Volleys Fired 68 | . 34 13 . 21 Largest 2 | . 2 2 . 2 Hottest 60 | . 60 60 . 40 Shots Fired 128 | . 68 18 . 42 Gun 128 | . 68 18 . 42 Cannon . | . . . . . Launcher . | . . . . . Special . | . . . . . Kinetic 86 | . 34 10 . 42 Thermal . | . . . . . Explosive . | . . . . . Electromagnetic 42 | . 34 8 . . Robot Hit Streak 8 | . 8 4 . 8 Robot Miss Streak 7 | . 4 7 . 7 Penetration Max . | . . . . . Secondary Targets 5 | . 1 . . 4 Max Gunslinging Chain 1 | . 1 . . 1 Shots Hit Robots 72 | . 41 9 . 22 Core Hits 42 | . 21 4 . 17 Critical Kills . | . . . . . Critical Parts Destroyed . | . . . . . Critical Strikes . | . . . . . Melee Attacks 3 | . . 3 . . Impact . | . . . . . Slashing . | . . . . . Piercing . | . . . . . Sneak Attacks 3 | . . 3 . . Combat Hostiles . | . . . . . Follow-up Attacks . | . . . . . Damage Inflicted 844 | . 618 54 . 172 Guns 779 | . 553 54 . 172 Cannons . | . . . . . Explosions 65 | . 65 . . . Melee . | . . . . . Ramming . | . . . . . Kinetic 500 | . 274 54 . 172 Thermal 65 | . 65 . . . Explosive . | . . . . . Electromagnetic 279 | . 279 . . . Impact . | . . . . . Slashing . | . . . . . Piercing . | . . . . . Highest Corruption . | . . . . . Average Corruption . | . . . . . Corruption Purged . | . . . . . Corruption Blocked . | . . . . . Overload Shots . | . . . . . Overflow Damage . | . . . . . Projectiles . | . . . . . Explosions . | . . . . . Melee . | . . . . . Knockbacks . | . . . . . Impact . | . . . . . Kinetic . | . . . . . Secondary . | . . . . . Self-Inflicted Damage 33 | . 33 . . . Shots 1 | . 1 . . . Rammed . | . . . . . Targets Rammed . | . . . . . Kicked . | . . . . . Crushed . | . . . . . Highest Temperature 102 | . 102 . . 19 Average Temperature 37 | . 37 . . 18 Received Heat Transfer 206 | . 186 . . 20 Siege Activations . | . . . . . Robots Corrupted . | . . . . . Combat Hostiles . | . . . . . Parts Fried . | . . . . . Impact Corruptions . | . . . . . Robots Melted . | . . . . . Combat Hostiles . | . . . . . Parts Melted . | . . . . . Heat Transferred 150 | . 150 . . . Parts Sabotaged . | . . . . . Parts Stolen . | . . . . . Parts Stripped . | . . . . . Power Chain Reactions 1 | . 1 . . . Alert | -11 -10 -10 -10 -9 ------- Run | Yrd Mat Min Exi Min Peak Influence 183 | . 183 164 . 128 Initial 33 | . . 33 . . Average 61 | . 68 65 . 53 Maximum Alert Level . | . . . . . Low Security (%) 100 | 100 100 100 . 100 Level 1 . | . . . . . Level 2 . | . . . . . Level 3 . | . . . . . Level 4 . | . . . . . Level 5 . | . . . . . High Security . | . . . . . Max Security . | . . . . . Squads Dispatched 2 | . 2 . . . Investigation . | . . . . . Extermination . | . . . . . Reinforcement 2 | . 2 . . . Assault . | . . . . . Garrison . | . . . . . Intercept . | . . . . . Searches Triggered . | . . . . . Construction Impeded . | . . . . . Haulers Reinforced . | . . . . . Active Scanning Responses . | . . . . . Cargo Convoy Interrupts . | . . . . . Stealth | -11 -10 -10 -10 -9 --------- Run | Yrd Mat Min Exi Min Distress Signals 1 | . 1 . . . Communications Jammed . | . . . . . Distress Signals . | . . . . . Times Spotted 29 | . 16 3 . 10 Peak Tracking Total 4 | . 4 3 . 4 Tactical Retreats 1 | . 1 . . . Traps | -11 -10 -10 -10 -9 ------- Run | Yrd Mat Min Exi Min Traps Triggered . | . . . . . Indirectly . | . . . . . Trap Hack Attempts . | . . . . . Triggered . | . . . . . Disarmed . | . . . . . Reprogrammed . | . . . . . Reused . | . . . . . Traps Extracted . | . . . . . Installed . | . . . . . Triggered . | . . . . . Most Traps Carried 3 | . . 3 3 3 Machines | -11 -10 -10 -10 -9 ---------- Run | Yrd Mat Min Exi Min Machines Disabled 3 | . 3 . . . Max in Single Turn 1 | . 1 . . . Machines Repaired . | . . . . . Machines Dismantled . | . . . . . Machines Sabotaged . | . . . . . Overloaded Fab Kills . | . . . . . Hacking | -11 -10 -10 -10 -9 --------- Run | Yrd Mat Min Exi Min Machines Accessed 5 | . 4 . 1 . Terminals 4 | . 4 . . . Fabricators . | . . . . . Repair Stations . | . . . . . Recycling Units . | . . . . . Scanalyzers . | . . . . . Garrison Access . | . . . . . Total Hacks 9 | . 8 . 1 . Successful 6 | . 5 . 1 . Failed 3 | . 3 . . . Catastrophic . | . . . . . Database Lockouts . | . . . . . Manual 2 | . . . 2 . Terminals 8 | . 8 . . . Fabricators . | . . . . . Repair Stations . | . . . . . Recycling Units . | . . . . . Scanalyzers . | . . . . . Garrison Access . | . . . . . Terminal Hacks 6 | . 5 . 1 . Locate Traps 2 | . 2 . . . Maintenance Status 1 | . 1 . . . Hauler Manifests 1 | . 1 . . . Zone Layout 1 | . 1 . . . Derelict Proto ID Bank 1 | . . . 1 . Fabricator Hacks . | . . . . . Repair Station Hacks . | . . . . . Recycling Unit Hacks . | . . . . . Scanalyzer . | . . . . . Garrison Access Hacks . | . . . . . Unauthorized Hacks . | . . . . . Terminals . | . . . . . Fabricators . | . . . . . Repair Stations . | . . . . . Recycling Units . | . . . . . Scanalyzers . | . . . . . Garrison Access . | . . . . . Data Cores Recovered . | . . . . . Used . | . . . . . Hacking Detections 2 | . 2 . . . Full Trace Events . | . . . . . Feedback Events . | . . . . . Feedback Blocked . | . . . . . Robot Schematics Acquired . | . . . . . Robots Built . | . . . . . Authchips . | . . . . . Time . | . . . . . Total Robot Build Rating . | . . . . . Part Schematics Acquired . | . . . . . Parts Built . | . . . . . Authchips . | . . . . . Time . | . . . . . Total Part Build Rating . | . . . . . Parts Repaired . | . . . . . Time . | . . . . . Parts Recycled . | . . . . . Recycled Matter . | . . . . . Retrieved Matter . | . . . . . Retrieved Components . | . . . . . Parts Scanalyzed . | . . . . . Part Schematics Acquired . | . . . . . Parts Damaged . | . . . . . Bothacking | -11 -10 -10 -10 -9 ------------ Run | Yrd Mat Min Exi Min Used RIF Installer . | . . . . . Robots Hacked 2 | . . 2 . . Non-combat 2 | . . 2 . . Combat . | . . . . . Robot Hacks Applied 2 | . . 2 . . parse_system 1 | . . 1 . . no_distress 1 | . . 1 . . Relay Couplers Released . | . . . . . Fabnet Peak Effective % . | . . . . . Robots Rewired . | . . . . . Allies Hacked . | . . . . . Hacks Repelled . | . . . . . Allies | -11 -10 -10 -10 -9 -------- Run | Yrd Mat Min Exi Min Total Allies 6 | . . 5 . 1 Largest Group 5 | . . 5 2 2 Highest-Rated Group 84 | . . 84 47 47 Highest-Rated Ally 31 | . . 31 31 31 Total Orders . | . . . . . Ally Attacks 18 | . . 11 . 7 Total Damage 199 | . . 112 . 87 Kills 3 | . . 3 . . Allies Corrupted . | . . . . . Allies Melted . | . . . . . Intel | -11 -10 -10 -10 -9 ------- Run | Yrd Mat Min Exi Min Robot Analysis Total . | . . . . . Derelict Logs Recovered 1 | . . . . 1 Drone Launches . | . . . . . Drone Recoveries . | . . . . . Exploration | -11 -10 -10 -10 -9 ------------- Run | Yrd Mat Min Exi Min Turns Passed 3529 | 72 1109 759 931 658 Spaces Moved 1981 | 54 676 402 573 276 Core 11 | 11 . . . . Treads 1201 | . 68 402 573 158 Legs 769 | 43 608 . . 118 Wheels . | . . . . . Hover . | . . . . . Flight . | . . . . . Fastest Speed 50 | 50 120 160 160 160 Average Speed 148 | 105 124 160 160 172 Slowest Speed 190 | 120 160 160 160 190 Overloaded Moves . | . . . . . Propulsion Burnouts . | . . . . . Robots Hopped . | . . . . . Cave-ins Triggered . | . . . . . Exploration Rate (%) 62 | 4 94 60 91 63 Regions Visited 4 Branch Regions 3 Pre-discovered Areas . | . . . . . Known Exits Taken . | . . . . . Unknown Exits Taken 4 | 1 1 1 1 . Scrap Searched 2 | . . 1 . 1 Spaces Dug . | . . . . . Terrain Destroyed 3 | . 3 . . . Melee . | . . . . . Projectile . | . . . . . AOE 3 | . 3 . . . Terrain Rammed . | . . . . . Walls Destroyed . | . . . . . Machines Disabled . | . . . . . Actions | -11 -10 -10 -10 -9 --------- Run | Yrd Mat Min Exi Min Total 2467 | 69 883 501 586 428 Wait 344 | . 142 71 11 120 Move 1977 | 53 675 401 572 276 Hop . | . . . . . Pick Up 39 | 10 18 7 1 3 Fast Attach . | . . . . . Attach 17 | 6 4 3 . 4 Detach . | . . . . . Swap 3 | . 1 . 2 . Drop 16 | . 9 3 . 4 Fire 68 | . 34 13 . 21 Melee 3 | . . 3 . . Ram . | . . . . . Kick . | . . . . . Crush . | . . . . . Escape Stasis . | . . . . . Rewire . | . . . . . Trap . | . . . . . Miscellaneous . | . . . . . Route ------- -11/Scrapyard -10/Materials (discovered 4 exits: [*Mat x2] / [*Min x2]) -10/Mines (discovered 3 exits: [*Mat x2] / *Exi) -10/Exiles -9/Mines (discovered 1 exit: [*Mat]) History --------- Turn | Location | Event 4 | -11/Scrapyard | Discovered new exit (range 16) 73 | -11/Scrapyard | Entered Materials 247 | -10/Materials | Discovered new exit (range 5) 302 | -10/Materials | Build established: Mutant 462 | -10/Materials | Discovered new exit (range 16) 732 | -10/Materials | Discovered new exit (range 13) 993 | -10/Materials | Discovered new exit (range 12) 1069 | -10/Materials | Core integrity fell below 50% 1182 | -10/Materials | Entered Mines 1294 | -10/Mines | Discovered new exit (range 3) 1299 | -10/Mines | Assisted by bots powering up and referring to "LRC-V3" 1326 | -10/Mines | Discovered new exit (range 3) 1496 | -10/Mines | Found a hidden stash of uninstalled traps 1933 | -10/Mines | Deemed a non-threat by the Exiles lab entrance 1935 | -10/Mines | Discovered new exit (range 5) 1941 | -10/Mines | Entered Exiles 1941 | -10/Exiles | Accompanied by 2 allies 1971 | -10/Exiles | Led the pair of lost Derelicts to a safe place 1983 | -10/Exiles | Met 8R-AWN 2007 | -10/Exiles | Met EX-HEX 2090 | -10/Exiles | Met EX-DEC 2126 | -10/Exiles | Visited The Gauntlet 2433 | -10/Exiles | Discovered new exit (range 10) 2556 | -10/Exiles | Met EX-BIN 2578 | -10/Exiles | Aligned with FarCom system 2580 | -10/Exiles | Given EX-Vault access code 2625 | -10/Exiles | Opened EX-Vault 2637 | -10/Exiles | Found Prototype Special Weapon 2638 | -10/Exiles | Identified Field Lobotomy Kit 2711 | -10/Exiles | Warned to stay clear of 0b10 Research branches 2872 | -10/Exiles | Left Exiles lab with Field Lobotomy Kit 2872 | -10/Exiles | Entered Mines 2872 | -9/Mines | Accompanied by 1 ally 2875 | -9/Mines | Received a Mining Laser from a helpful Derelict 2897 | -9/Mines | Core integrity fell below 20% 3160 | -9/Mines | Assembled infested the area 3199 | -9/Mines | Received a Rocket Launcher from a helpful Derelict 3454 | -9/Mines | Discovered new exit (range 10) 3459 | -9/Mines | Found a damaged Exp. Sensor Array with a note attached 3463 | -9/Mines | Found Prototype Device 3465 | -9/Mines | Identified Exp. Sensor Array 3530 | -9/Mines | Destroyed by D-53 Grenadier with Mini Grenade Launcher Last Messages --------------- 03281_ Acquired 3 matter. 03283_ K-01 Serf collects debris. 03317_ Acquired derelict log, extracted data. Data stored: Recycling entrances (x1). 03334_ Searching scrap... 03334_ Found Rocket Launcher. 03334_ Found Hcp. Matter Pod. 03334_ Found Grenade Launcher. 03334_ Found 65 Matter. 03454_ EXIT=FOUND 03459_ A damaged part is partially visible under some rubble. There's a note attached: "Everyone keeps telling us we should avoid high-traffic areas because that's where patrols are more likely to show up, but that doesn't do us much good if we can't spot those areas until they're on top of us... With this we can! Deliver it to Megawrench for repairs then we'll never be afraid of an ambush while sneaking around Materials again, ha." 03463_ Acquired Prototype Device. 03464_ Discarded Hacking Suite. 03465_ Identified Exp. Sensor Array. Map ----- +----------------------------------------------------+ | | | | | | | | | | | | | | | | | ?????????????????????????????????????????????????? | | ?????????????????????????????????????????????????? | | ????????????????????????????????????????####?????? | | ????????????????????????????????????????# #????? | | ????????????????????????????????????????# #???? | | ?????????????????????????????????????????# ##?? | | ????????????????????????????###??????????# ##? | | ???????????????????????????## ##??????????# ## | | ##?????????????????????????# #????????????# | | ##???????????????????????## #????????????## | | ##?????????????????###### #??????????????# | | #????????????????## ##??????##?????#| # | | #####??########### ##### ###???# ## | | # #?## ## #???##*#? | | ## ### d #???#=#? | | ?#### ## ### #???# ## | | ????# ## ###?## ##???#[== | | ????# ## @ #???? ####????#%## | | ##### ####? ##???????#%## | | ] * #????????# | | ########### [%= k d##### #???????## | | ??????????## = r ##### #?????? ##??????## | | ???????????## ####???# #??????# #?####### | | ????????????### #??????# #??????? #?# | | ??????????????# #??????# ??????? #?# #### | | ??????????????# #??????# < ?????#?### ##### ### | | ??????????????# #??????# ????# ? #####?? | | ?????????????## %##?????? ????####### #?????? | | ?????????????# #?????? "?????????# #?????? | | ?????????????# ? ##????? ?????????# #?????? | | ?????????????##= ###???#####??????????# #?????? | | ?????????????## % ##?????????????????# #???### | | ????????????## #????????????????## #???# | | ????????????# #???????????????## ##??# | | ????????????# #??????????????## #### | | ????????????# #?????????###### | | ????????????# ###???????# | | ????????????# ##??????# | | ????????????## ### ##?????# #### ### | | ?????????????#####?## ##????#????###??## | | ??????????########### #???????????????# | | ????????? #???????????????## # | +----------------------------------------------------+ Best States ------------- Heat Dissipation 25 Energy Generation 11 Energy Capacity 125 Matter Stores 300 Matter Capacity 300 Sight Range 16 Robot Scan Range 20 Terrain Scan Density 10 Evasion (%) 55 Recoil Reduction 2 Offensive Hacking 10 Item Schematics ----------------- None Robot Schematics ------------------ None Fabricated ------------ Nothing Alien Tech Used ----------------- None Achievements -------------- None Challenges ------------ None Game ------ Seed InsulationHelicalTearclaws Manual? 0 Play Time 00:26:01 Cumulative 22.5 hours Start 2024.09.21 @ 14:51:07 End 2024.09.21 @ 15:57:18 Sessions 1 Manual Loads 0 Difficulty Rogue Special Mode None Game No. 45 Rogue 40 Adventurer 5 Explorer 0 Win Type - Total 0 Types 0/0/0/0/0/0/0/0/0 Lore% 10 Gallery% 18 Achievement% 16 Wizard Run 0 Options --------- Layout 0 ASCII 0 Keyboard 0 Movement Numpad Keybinds 0 Fullscreen 1 Font 18/SmallcapsGlow Map View 76x50 Zoom Use 0% Tactical HUD 1 Map Filters NONE Filters NONE Steam 1 RUN: c90c809e-f15c-493d-bada-29cf38fa05d2